| TOP OF THE 1ST |
|
Baltimore Orioles batting - Pitching for Cleveland Indians : RHP Ben Cole
|
|
Pitching: RHP Ben Cole
|
|
|
Batting: LHB Jesus Lozano
|
0-0: Ball 1-0: Swinging Strike 1-1: Ball 2-1: Ball 3-1: Base on Balls
|
|
Batting: RHB Marc Peckermark
|
0-0: Called Strike 0-1: Grounds into double play, 4-6-3 (Groundball, 4, EV 84.4 MPH)
|
|
Batting: RHB Rudo Garciaparra
|
0-0: Ball 1-0: Ball 2-0: Foul Ball, location: 2F 2-1: Foul Ball, location: 2F 2-2: Ball 3-2: Base on Balls
|
|
Batting: RHB Saimei Kudo
|
0-0: Foul Ball, location: 2F 0-1: Fielders Choice at 2nd, U6 (Groundball, 6M, EV 83.1 MPH)
|
| Top of the 1st over - 0 runs, 0 hits, 0 errors, 1 left on base; Baltimore 0 - Cleveland 0 |
| BOTTOM OF THE 1ST |
|
Cleveland Indians batting - Pitching for Baltimore Orioles : RHP Errol Dondale
|
|
Pitching: RHP Errol Dondale
|
|
|
Batting: RHB Rich Stinson
|
0-0: Ball 1-0: Ball 2-0: Ball 3-0: Called Strike 3-1: Called Strike 3-2: Base on Balls
|
|
Batting: LHB Arvin Dungca
|
0-0: Grounds into double play, 4-6-3 (Groundball, 4, EV 102.5 MPH)
|
|
Batting: SHB Tze-meng Gan
|
0-0: Ball 1-0: Ground out 5-3 (Groundball, 56, EV 108.1 MPH)
|
| Bottom of the 1st over - 0 runs, 0 hits, 0 errors, 0 left on base; Baltimore 0 - Cleveland 0 |
| TOP OF THE 2ND |
|
Baltimore Orioles batting - Pitching for Cleveland Indians : RHP Ben Cole
|
|
Batting: SHB Jason Hayes
|
0-0: Ball 1-0: Ball 2-0: Ball 3-0: Called Strike 3-1: Foul Ball, location: 2F 3-2: DOUBLE (Groundball, 3L, EV 103.1 MPH)
|
|
Batting: RHB Randy Johnson Jr.
|
0-0: Ball Wild Pitch! Jason Hayes to third 1-0: Ball 2-0: Ball 3-0: Base on Balls
|
|
Batting: LHB Ricardo Pagan
|
0-0: Ball 1-0: Ball 2-0: Ball 3-0: Grounds into double play, 4-6-3 (Groundball, 4, EV 87.5 MPH) Jason Hayes scores
|
|
Batting: RHB Jesse Basich
|
0-0: Ball 1-0: Swinging Strike 1-1: Ball 2-1: Ball 3-1: Fly out, F7 (Flyball, 78D, EV 98.1 MPH)
|
| Top of the 2nd over - 1 run, 1 hit, 0 errors, 0 left on base; Baltimore 1 - Cleveland 0 |
| BOTTOM OF THE 2ND |
|
Cleveland Indians batting - Pitching for Baltimore Orioles : RHP Errol Dondale
|
|
Batting: LHB Danny Dunham
|
0-0: Fly out, F8 (Flyball, 8LD, EV 100.0 MPH)
|
|
Batting: RHB Nick Ogle
|
0-0: Called Strike 0-1: Foul Ball, location: 2F 0-2: Strikes out swinging
|
|
Batting: LHB Kyle Schaible
|
0-0: Ball 1-0: Ball 2-0: SINGLE (Line Drive, 8LS, EV 111.9 MPH)
|
|
Batting: RHB Tommy Baird
|
0-0: Ball 1-0: Ball 2-0: Ball 3-0: Called Strike 3-1: Called Strike 3-2: Strikes out looking
|
| Bottom of the 2nd over - 0 runs, 1 hit, 0 errors, 1 left on base; Baltimore 1 - Cleveland 0 |
| TOP OF THE 3RD |
|
Baltimore Orioles batting - Pitching for Cleveland Indians : RHP Ben Cole
|
|
Batting: LHB Gabe Pace
|
0-0: Ball 1-0: Called Strike 1-1: Ball 2-1: Foul Ball, location: 2F 2-2: Ball 3-2: Foul Ball, location: 2F 3-2: Foul Ball, location: 2F 3-2: Ground out 1-3 (Groundball, P, EV 71.9 MPH)
|
|
Batting: LHB Jesus Lozano
|
0-0: Called Strike 0-1: Ball 1-1: Swinging Strike 1-2: Ball 2-2: Ball 3-2: Base on Balls
|
|
Batting: RHB Marc Peckermark
|
0-0: Called Strike 0-1: Called Strike Jesus Lozano steals 2nd base (no throw)
|
|
Pinch Runner at 2nd Andres Leon:
|
0-2: Strikes out swinging
|
|
Batting: RHB Rudo Garciaparra
|
0-0: Ball 1-0: Ball 2-0: 2-RUN HOME RUN (Flyball, 78XD, EV 103.1 MPH), Distance : 389 ft
|
|
Batting: RHB Saimei Kudo
|
0-0: Foul Ball, location: 2F 0-1: Ground out 6-3 (Groundball, 6, EV 97.5 MPH)
|
| Top of the 3rd over - 2 runs, 1 hit, 0 errors, 0 left on base; Baltimore 3 - Cleveland 0 |
| BOTTOM OF THE 3RD |
|
Cleveland Indians batting - Pitching for Baltimore Orioles : RHP Errol Dondale
|
|
Now at 2B: Andres Leon
|
|
|
Batting: RHB Edwin Madrid
|
0-0: Ball 1-0: Ball 2-0: Foul Ball, location: 2F 2-1: Ball 3-1: Called Strike 3-2: Base on Balls
|
|
Batting: SHB Billy Durham
|
0-0: Called Strike 0-1: Called Strike 0-2: Ball 1-2: Ball 2-2: Foul Ball, location: 2F 2-2: Foul Ball, location: 2F 2-2: Foul Ball, location: 2F 2-2: Ball 3-2: Base on Balls Edwin Madrid to second
|
|
Batting: RHB Rich Stinson
|
0-0: Grounds into double play, 5-4-3 (Groundball, 56S, EV 87.5 MPH) Edwin Madrid to third
|
|
Batting: LHB Arvin Dungca
|
0-0: Ball 1-0: Called Strike 1-1: Ball 2-1: Ball 3-1: Foul Ball, location: 2F 3-2: Base on Balls
|
|
Batting: SHB Tze-meng Gan
|
0-0: Called Strike 0-1: Ball 1-1: Swinging Strike 1-2: Strikes out swinging
|
| Bottom of the 3rd over - 0 runs, 0 hits, 0 errors, 2 left on base; Baltimore 3 - Cleveland 0 |
| TOP OF THE 4TH |
|
Baltimore Orioles batting - Pitching for Cleveland Indians : RHP Ben Cole
|
|
Batting: SHB Jason Hayes
|
0-0: Called Strike 0-1: Called Strike 0-2: Ball 1-2: Ball 2-2: Strikes out swinging
|
|
Batting: RHB Randy Johnson Jr.
|
0-0: Called Strike 0-1: SINGLE (Flyball, 7, EV 95.0 MPH)
|
|
Batting: LHB Ricardo Pagan
|
0-0: Ball 1-0: Ball 2-0: Called Strike 2-1: Foul Ball, location: 2F 2-2: Fly out, F4 (Line Drive, 4, EV 72.5 MPH)
|
|
Batting: RHB Jesse Basich
|
0-0: Called Strike 0-1: Ball 1-1: Ball 2-1: Foul Ball, location: 2F 2-2: Strikes out looking
|
| Top of the 4th over - 0 runs, 1 hit, 0 errors, 1 left on base; Baltimore 3 - Cleveland 0 |
| BOTTOM OF THE 4TH |
|
Cleveland Indians batting - Pitching for Baltimore Orioles : RHP Errol Dondale
|
|
Batting: LHB Danny Dunham
|
0-0: Ball 1-0: Fly out, F9 (Flyball, 9LM, EV 100.6 MPH)
|
|
Batting: RHB Nick Ogle
|
0-0: Fly out, F9 (Flyball, 89XD, EV 98.1 MPH)
|
|
Batting: LHB Kyle Schaible
|
0-0: Ball 1-0: Swinging Strike 1-1: Foul Ball, location: 2F 1-2: Strikes out swinging
|
| Bottom of the 4th over - 0 runs, 0 hits, 0 errors, 0 left on base; Baltimore 3 - Cleveland 0 |
| TOP OF THE 5TH |
|
Baltimore Orioles batting - Pitching for Cleveland Indians : RHP Ben Cole
|
|
Batting: LHB Gabe Pace
|
0-0: Ball 1-0: Ball 2-0: Fly out, F7 (Flyball, 78M, EV 95.6 MPH)
|
|
Batting: RHB Andres Leon
|
0-0: Ball 1-0: Foul Ball, location: 2F 1-1: Swinging Strike 1-2: Strikes out swinging
|
|
Batting: RHB Marc Peckermark
|
0-0: Ball 1-0: Foul Ball, location: 2F 1-1: Swinging Strike 1-2: Foul Ball, location: 2F 1-2: Foul Ball, location: 2F 1-2: Foul Ball, location: 2F 1-2: Ball 2-2: Foul Ball, location: 2F 2-2: SINGLE (Line Drive, 78S, EV 104.4 MPH)
|
|
Batting: RHB Rudo Garciaparra
|
0-0: Ball 1-0: Called Strike Marc Peckermark is caught stealing 2nd base 2-4
|
| Top of the 5th over - 0 runs, 1 hit, 0 errors, 0 left on base; Baltimore 3 - Cleveland 0 |
| BOTTOM OF THE 5TH |
|
Cleveland Indians batting - Pitching for Baltimore Orioles : RHP Errol Dondale
|
|
Batting: RHB Tommy Baird
|
0-0: Ball 1-0: Fly out, F9 (Line Drive, 9S, EV 86.9 MPH)
|
|
Batting: RHB Edwin Madrid
|
0-0: Ground out 4-3 (Groundball, 4, EV 101.2 MPH)
|
|
Batting: SHB Billy Durham
|
0-0: Called Strike 0-1: Ball 1-1: Swinging Strike 1-2: Strikes out swinging
|
| Bottom of the 5th over - 0 runs, 0 hits, 0 errors, 0 left on base; Baltimore 3 - Cleveland 0 |
| TOP OF THE 6TH |
|
Baltimore Orioles batting - Pitching for Cleveland Indians : RHP Ben Cole
|
|
Batting: RHB Rudo Garciaparra
|
0-0: Swinging Strike 0-1: Ball 1-1: Called Strike 1-2: Ball 2-2: Ball 3-2: Foul Ball, location: 2F 3-2: Fly out, F4 (Popup, 4, EV 55.0 MPH)
|
|
Batting: RHB Saimei Kudo
|
0-0: Foul Ball, location: 2F 0-1: Ball 1-1: Ball 2-1: Ball 3-1: Foul Ball, location: 2F 3-2: Foul Ball, location: 2F 3-2: Ground out 5-3 (Groundball, 56, EV 100.6 MPH)
|
|
Batting: SHB Jason Hayes
|
0-0: Ball 1-0: Foul Ball, location: 2F 1-1: SINGLE (Groundball, 4S, EV 73.1 MPH) (infield hit)
|
|
Pitching: RHP Joe Zeiset
|
|
|
Batting: RHB Randy Johnson Jr.
|
0-0: Called Strike Jason Hayes steals 2nd base 0-1: Ball 1-1: Ground out 4-3 (Groundball, 4, EV 83.8 MPH)
|
| Top of the 6th over - 0 runs, 1 hit, 0 errors, 1 left on base; Baltimore 3 - Cleveland 0 |
| BOTTOM OF THE 6TH |
|
Cleveland Indians batting - Pitching for Baltimore Orioles : RHP Errol Dondale
|
|
Batting: RHB Rich Stinson
|
0-0: Ball 1-0: Foul Ball, location: 2F 1-1: Swinging Strike 1-2: Ground out 5-3 (Groundball, 56S, EV 80.0 MPH)
|
|
Batting: LHB Arvin Dungca
|
0-0: Called Strike 0-1: Ball 1-1: Foul Ball, location: 2F 1-2: Foul Ball, location: 2F 1-2: Fly out, F7 (Line Drive, 7, EV 93.8 MPH)
|
|
Batting: SHB Tze-meng Gan
|
0-0: Ball 1-0: Called Strike 1-1: Ball 2-1: SINGLE (Groundball, 5D, EV 93.8 MPH)
|
|
Batting: LHB Danny Dunham
|
0-0: Ball 1-0: DOUBLE (Flyball, 8LXD, EV 96.2 MPH) Tze-meng Gan to third Runner from 3rd tries for Home, SAFE, no throw by CF
|
|
Batting: RHB Nick Ogle
|
0-0: Called Strike 0-1: Ball 1-1: Swinging Strike 1-2: Ball 2-2: Foul Ball, location: 2F 2-2: SINGLE (Line Drive, 89S, EV 110.6 MPH) Danny Dunham to third
|
|
Pitching: LHP Katsumi Omura
|
|
|
Batting: LHB Kyle Schaible
|
0-0: Swinging Strike 0-1: Ball 1-1: Ball 2-1: Foul Ball, location: 2F 2-2: Strikes out swinging
|
| Bottom of the 6th over - 1 run, 3 hits, 0 errors, 2 left on base; Baltimore 3 - Cleveland 1 |
| TOP OF THE 7TH |
|
Baltimore Orioles batting - Pitching for Cleveland Indians : RHP Joe Zeiset
|
|
Batting: LHB Ricardo Pagan
|
0-0: Ball 1-0: Ball 2-0: Foul Ball, location: 2F 2-1: Ball 3-1: Base on Balls
|
|
Batting: RHB Jesse Basich
|
0-0: Swinging Strike 0-1: Sac Bunt to 15S - play at second, runner OUT! 1-6
|
|
Batting: LHB Gabe Pace
|
0-0: Ball 1-0: Swinging Strike 1-1: Swinging Strike 1-2: Strikes out swinging
|
|
Batting: RHB Andres Leon
|
0-0: Fly out, F8 (Flyball, 89D, EV 95.6 MPH)
|
| Top of the 7th over - 0 runs, 0 hits, 0 errors, 1 left on base; Baltimore 3 - Cleveland 1 |
| BOTTOM OF THE 7TH |
|
Cleveland Indians batting - Pitching for Baltimore Orioles : LHP Katsumi Omura
|
|
Batting: RHB Tommy Baird
|
0-0: Called Strike 0-1: Ball 1-1: Called Strike 1-2: Strikes out swinging
|
|
Batting: RHB Edwin Madrid
|
0-0: Ball 1-0: SINGLE (Groundball, 34D, EV 95.0 MPH)
|
|
Batting: SHB Billy Durham
|
0-0: Called Strike 0-1: Ball 1-1: Ball 2-1: Grounds into double play, 5-4-3 (Groundball, 56, EV 102.5 MPH)
|
| Bottom of the 7th over - 0 runs, 1 hit, 0 errors, 0 left on base; Baltimore 3 - Cleveland 1 |
| TOP OF THE 8TH |
|
Baltimore Orioles batting - Pitching for Cleveland Indians : RHP Joe Zeiset
|
|
Pitching: RHP Ryan Southerland
|
|
|
Batting: RHB Marc Peckermark
|
0-0: Called Strike 0-1: Foul Ball, location: 2F 0-2: Ground out 4-3 (Groundball, 4MD, EV 101.9 MPH)
|
|
Batting: RHB Rudo Garciaparra
|
0-0: Called Strike 0-1: Called Strike 0-2: Ball 1-2: Foul Ball, location: 2F 1-2: Ball 2-2: Foul Ball, location: 2F 2-2: Ball 3-2: Base on Balls
|
|
Batting: RHB Saimei Kudo
|
0-0: Ball 1-0: Swinging Strike 1-1: Ball 2-1: Swinging Strike 2-2: Strikes out swinging
|
|
Batting: SHB Jason Hayes
|
0-0: Ball 1-0: Ball 2-0: Ball 3-0: Base on Balls Rudo Garciaparra to second
|
|
Batting: RHB Randy Johnson Jr.
|
0-0: Called Strike 0-1: Hit by Pitch Rudo Garciaparra to third Jason Hayes to second
|
|
Batting: LHB Ricardo Pagan
|
0-0: Ball 1-0: Ball 2-0: Ball 3-0: Base on Balls Rudo Garciaparra scores Jason Hayes to third Randy Johnson Jr. to second
|
|
Batting: RHB Jesse Basich
|
0-0: Ball 1-0: Ball Wild Pitch! Jason Hayes scores Randy Johnson Jr. to third Ricardo Pagan to second 2-0: Called Strike 2-1: Foul Ball, location: 2F 2-2: SINGLE (Groundball, 3D, EV 98.1 MPH) Randy Johnson Jr. scores Ricardo Pagan to third Runner from 3rd tries for Home, SAFE, throw by RF to home Jesse Basich to second
|
|
Pitching: RHP Matt Laverty
|
|
|
Batting: LHB Gabe Pace
|
0-0: Ball 1-0: Foul Ball, location: 2F 1-1: Ground out 4-3 (Groundball, 4, EV 103.1 MPH)
|
| Top of the 8th over - 4 runs, 1 hit, 0 errors, 1 left on base; Baltimore 7 - Cleveland 1 |
| BOTTOM OF THE 8TH |
|
Cleveland Indians batting - Pitching for Baltimore Orioles : LHP Katsumi Omura
|
|
Batting: RHB Rich Stinson
|
0-0: Ball 1-0: Ground out 5-3 (Groundball, 15, EV 81.9 MPH)
|
|
Batting: LHB Arvin Dungca
|
0-0: Called Strike 0-1: Ball 1-1: Ball 2-1: Called Strike 2-2: Ball 3-2: Ground out 4-3 (Groundball, 4, EV 85.6 MPH)
|
|
Batting: SHB Tze-meng Gan
|
0-0: Ball 1-0: Called Strike 1-1: Swinging Strike 1-2: Ball 2-2: Foul Ball, location: 2F 2-2: Fly out, F9 (Flyball, 9, EV 90.6 MPH)
|
| Bottom of the 8th over - 0 runs, 0 hits, 0 errors, 0 left on base; Baltimore 7 - Cleveland 1 |
| TOP OF THE 9TH |
|
Baltimore Orioles batting - Pitching for Cleveland Indians : RHP Matt Laverty
|
|
Batting: RHB Andres Leon
|
0-0: Ball 1-0: Ground out 6-3 (Groundball, 6, EV 86.9 MPH)
|
|
Batting: RHB Marc Peckermark
|
0-0: Called Strike 0-1: Swinging Strike 0-2: Strikes out swinging
|
|
Batting: RHB Rudo Garciaparra
|
0-0: Called Strike 0-1: Ball 1-1: Ball 2-1: Ball 3-1: Base on Balls
|
|
Batting: RHB Saimei Kudo
|
0-0: Ball Rudo Garciaparra steals 2nd base 1-0: SINGLE (Line Drive, 6MD, EV 99.4 MPH) Rudo Garciaparra to third Runner from 3rd tries for Home, SAFE, throw by CF to home
|
|
Batting: SHB Jason Hayes
|
0-0: Foul Ball, location: 2F 0-1: Ball 1-1: Ball 2-1: Ball Saimei Kudo steals 2nd base 3-1: SINGLE (Line Drive, 6D, EV 102.5 MPH) Saimei Kudo to third Runner from 3rd tries for Home, SAFE, throw by LF to home
|
|
Batting: RHB Randy Johnson Jr.
|
0-0: Ball 1-0: Fly out, F8 (Flyball, 8RS, EV 96.9 MPH)
|
| Top of the 9th over - 2 runs, 2 hits, 0 errors, 1 left on base; Baltimore 9 - Cleveland 1 |
| BOTTOM OF THE 9TH |
|
Cleveland Indians batting - Pitching for Baltimore Orioles : LHP Katsumi Omura
|
|
Batting: LHB Danny Dunham
|
0-0: Ball 1-0: SINGLE (Line Drive, 89S, EV 107.5 MPH)
|
|
Batting: RHB Nick Ogle
|
0-0: Called Strike 0-1: Grounds into double play, 1-4-3 (Groundball, 15S, EV 69.4 MPH)
|
|
Pinch Hitting: RHB Drtian Thaqi
|
0-0: Called Strike 0-1: Ground out 6-3 (Groundball, 6, EV 87.5 MPH)
|
| Bottom of the 9th over - 0 runs, 1 hit, 0 errors, 0 left on base; Baltimore 9 - Cleveland 1 |
|